 Dungeon Crawl Stone Soup version 0.30-a0-1160-g6e42c06551 (webtiles) character file.

Game seed: 5578449979475857430

127540 Hubris850 the Protected (level 16, -10/147 HPs)
             Began as a Minotaur Monk on Apr 26, 2023.
             Was the Champion of Elyvilon.
             Mangled by an Executioner (12 damage)
             ... on level 2 of the Abyss.
             The game lasted 01:39:31 (27148 turns).

Hubris850 the Protected (Minotaur Monk)            Turns: 27148, Time: 01:39:31

Health: -10/147    AC: 29    Str: 23    XL:     16   Next: 16%
Magic:  22/22      EV: 11    Int: 10    God:    Elyvilon [******]
Gold:   1792       SH:  0    Dex: 14    Spells: 15/15 levels left

rFire   + . .        a - +10 lance "Wyrmbane" {slay drac, rPois rF+ rC+ AC+3}
rCold   + . .        Q - +0 kite shield
rNeg    . . .        i - +4 chain mail {rPois}
rPois   +            (helmet restricted)
rElec   .            Z - +2 cloak
rCorr   .            v - +2 pair of gloves
SInv    +            y - +0 pair of boots
Will    ++...        w - amulet "Buqedos" {Regen+ Int+3} Stlth
                     f - ring of see invisible
HPRegen 1.24/turn    u - ring of willpower
MPRegen 0.18/turn

%: no passive effects
@: confused, ambrosia-drunk
A: horns 2, retaliatory headbutt
}: 1/15 runes: decaying
a: Renounce Religion, Purification, Heal Other, Heal Self, Divine Vigour


You were on level 2 of the Abyss.
You worshipped Elyvilon.
Elyvilon was exalted by your worship.
You visited 3 branches of the dungeon, and saw 22 of its levels.
You visited the Abyss 1 time.
You also visited: Sewer and Bailey.

You collected 1841 gold pieces.
You spent 49 gold pieces at shops.

Inventory:

Hand Weapons
 a - the +10 lance "Wyrmbane" (weapon) {slay drac, rPois rF+ rC+ AC+3}
   (You took it off Maggie on level 8 of the Dungeon)

   AC:        It affects your AC (+3).
   rF:        It protects you from fire.
   rC:        It protects you from cold.
   rPois:     It protects you from poison.
 b - the +12 glaive of Prune {freeze, Prune}
   (You found it in a bailey)

   Prune:     It halves damage taken while paralysed, petrified or unconscious.
 E - a +1 hand axe of flaming
Missiles
 A - 23 poisoned darts
 H - 3 boomerangs (quivered)
 L - 26 javelins
 R - 4 throwing nets
 V - 2 curare-tipped darts
Armour
 i - a +4 chain mail of poison resistance (worn)
 v - a +2 pair of gloves (worn)
 y - a +0 pair of boots (worn)
 Q - a +0 kite shield (worn)
 Z - a +2 cloak (worn)
Jewellery
 f - a ring of see invisible (left hand)
 h - a +6 ring of strength
 k - a ring of protection from fire
 n - a ring of willpower
 u - a ring of willpower (right hand)
 w - the amulet "Buqedos" (around neck) {Regen+ Int+3}
   (You found it on level 5 of the Lair of Beasts)

   [amulet of regeneration]

   Int:       It affects your intelligence (+3).
   Regen:     It increases your rate of health regeneration.
 x - a +6 ring of dexterity
 B - a ring of protection from cold
 D - a ring of ice
 F - the amulet of the Conjuring Genius {Reflect rElec rPois SH+5}
   (You found it on level 5 of the Lair of Beasts)

   [amulet of reflection]

   It reflects blocked missile attacks.
   rElec:     It insulates you from electricity.
   rPois:     It protects you from poison.
   SH:        It affects your SH (+5).
 J - an amulet of regeneration
 S - a ring of protection from cold
 Y - a ring of positive energy
Wands
 m - a wand of acid (3)
 C - a wand of mindburst (20)
 K - a wand of iceblast (22)
 P - a wand of paralysis (23)
 U - a wand of digging (17)
Scrolls
 g - 3 scrolls of fear
 j - 4 scrolls of poison
 o - 8 scrolls of identify
 p - a scroll of enchant weapon
 q - 5 scrolls of teleportation
 s - 3 scrolls of butterflies
 z - 8 scrolls of amnesia
 G - 3 scrolls of fog
 O - 5 scrolls of blinking
 T - 7 scrolls of enchant armour
Potions
 c - a potion of berserk rage
 d - 2 potions of brilliance
 e - a potion of haste
 r - 9 potions of curing
 t - 3 potions of flight
 I - 5 potions of cancellation
 M - 3 potions of magic
 N - a potion of resistance
 W - 3 potions of might
 X - 2 potions of ambrosia
Miscellaneous
 l - a condenser vane


   Skills:
 + Level 14.7 Fighting
 - Level 12.0 Polearms
 - Level 11.3 Throwing
 + Level 14.7 Armour
 - Level 6.4 Dodging
 + Level 12.5 Shields
 - Level 12.0 Unarmed Combat
 - Level 9.7 Invocations
 - Level 6.0 Evocations


You had 15 spell levels left.
You didn't know any spells.
Your spell library contained the following spells:

 Spells                   Type           Power      Damage    Failure   Level
 Apportation              Tloc           0%         N/A       93%         1
 Necrotise                Necr           0%         1d4       93%         1
 Summon Small Mammal      Summ           0%         N/A       93%         1
 Call Canine Familiar     Summ           0%         N/A       100%        3
 Gell's Gravitas          Tloc           0%         N/A       100%        3
 Inner Flame              Hex/Fire       0%         N/A       100%        3
 Summon Guardian Golem    Hex/Summ       0%         N/A       100%        3
 Teleport Other           Tloc           0%         N/A       100%        3
 Flame Wave               Conj/Fire      0%         2d4       100%        4
 Leda's Liquefaction      Hex/Erth       0%         N/A       100%        4
 Sticky Flame             Conj/Fire      0%         2d3       100%        4
 Alistair's Intoxication  Tmut/Pois      0%         N/A       100%        5
 Borgnjor's Vile Clutch   Necr/Erth      0%         N/A       100%        5
 Lee's Rapid Deconstruct  Erth           0%         3d4*      100%        5
 Summon Forest            Summ/Tloc      0%         N/A       100%        5
 Summon Mana Viper        Hex/Summ       0%         N/A       100%        5
 Dispersal                Tloc           0%         N/A       100%        6
 Eringya's Noxious Bog    Tmut/Pois      0%         N/A       100%        6
 Statue Form              Tmut/Erth      0%         N/A       100%        6
 Summon Cactus Giant      Summ           0%         N/A       100%        6


Dungeon Overview and Level Annotations

Branches:
Dungeon (13/15)            Temple (0/1) D:5            Lair (5/5) D:8
  Swamp (4/4) Lair:3       Spider (0/4) Lair:2        Slime (0/5) Lair:5
    Orc (0/2) D:11          Sewer (visited)          Bailey (visited)
 Vaults: D:13-14

Altars:
Ashenzari
Elyvilon
Hepliaklqana
Trog
Yredelemnul
Zin
Jiyva

Shops:
D:3 [   D:7 :

Portals:
Abyss: D:5

Annotations:
D:5 2 transporters, patfeehan111222's ghost, novice DsBe
D:13 Sonja
Lair:2 3 runed translucent doors, ziggurnaut's ghost, journeyman TeAE
Lair:5 exclusion: obsidian statue


Innate Abilities, Weirdness & Mutations

You have a pair of horns on your head.
You reflexively headbutt those who attack you in melee.


Message History

You block the Executioner's attack.
The Executioner hits you but does no damage.
A starcursed mass splits.
You puncture the raiju! Your headbutt misses the raiju.
The raiju is moderately wounded.
You block the Executioner's attack.
The Executioner hits you but does no damage.
The Executioner hits you.
* * * LOW HITPOINT WARNING * * *
The Executioner hits you.
* * * LOW HITPOINT WARNING * * *
You block the Executioner's attack. The Executioner closely misses you.
The raiju bites you but does no damage.
The raiju bursts into living lightning!
The living lightning hits you!!
* * * LOW HITPOINT WARNING * * *
The raiju blinks!
The raiju misses you. You furiously retaliate!
You headbutt the raiju!
Unknown command.
Blink to where?
Press: ? - help, Dir - move target
As you read the scroll of blinking, it crumbles to dust.
You are confused.
You feel invigorated.
You bump into the crystal wall.
The Executioner hits you.
* * * LOW HITPOINT WARNING * * *
The Executioner hits you but does no damage. x4
The Executioner hits you.
* * * LOW HITPOINT WARNING * * *
The Executioner barely misses you. The Executioner hits you.
* * * LOW HITPOINT WARNING * * *
The Executioner hits you but does no damage.
The Executioner hits you!
* * * LOW HITPOINT WARNING * * *
The Executioner hits you but does no damage.
The Executioner closely misses you. The Executioner hits you!!
* * * LOW HITPOINT WARNING * * *
The Executioner hits you but does no damage. x2
The Executioner hits you!
You die...

.#.........
######.....#....
................ . .
................... ..
.... ................ .
. .................
..∩.........~...........
.. ... ....##..@.......
. . ......##1.#.....
..............#.......
.. . .. .......h........
. .. ........X#.....#..
##'## ..#..#..#........
.. ........#.....#.....
.. ..#.. #........#.. .
. ....### X###...._...


You could see a starcursed mass, an Executioner (fast) and a raiju.

Vanquished Creatures
  A bone dragon (Swamp:4)
  A tentacled starspawn (Abyss:2)
  Kirke (Swamp:3)
  Gastronok (D:12)
  A fenstrider witch (Swamp:2)
  Louise (Swamp:3)
  3 eleionomae
  4 bunyips
  2 dire elephants (Lair:5)
  10 hydras
  Erica (D:9)
  2 two-headed ogres
  3 boulder beetles
  5 ghost crabs
  7 alligators
  6 death yaks
  A centaur warrior (D:13)
  A vampire mage (D:11)
  6 spriggans
  A spectral death yak (Lair:5)
  2 spriggan druids
  Amaemon (Lair:1)
  4 goliath frogs
  A spectral anaconda (Lair:5)
  7 spectral hydras
  2 swamp dragons
  7 bog bodies
  2 phantasmal warriors
  3 necromancers (Lair:5)
  2 deep elf pyromancers
  2 ugly things
  3 cyclopes
  2 manticores
  5 will-o-the-wisps
  4 black mambas
  Joseph (D:8)
  A dire elephant zombie (Lair:5)
  13 elephants
  An orange demon (Lair:2)
  16 cane toads
  2 dire elephant skeletons (Lair:5)
  7 swamp worm zombies (Swamp:4)
  Maggie (D:8)
  15 komodo dragons
  5 polar bears
  A meliai (Lair:2)
  4 trolls
  4 hydra zombies (Swamp:4)
  5 hornets
  27 blink frogs
  7 tyrant leeches
  A raiju (Abyss:2)
  A spectral swamp dragon (Swamp:4)
  5 dream sheep (Lair:5)
  A spectral dream sheep (Lair:3)
  3 alligator zombies (Swamp:4)
  16 slime creatures
  Sigmund (D:6)
  10 vampires
  3 wyverns
  53 yaks
  8 wraiths
  2 shadows (D:10)
  5 basilisks
  A hog (Swamp:2)
  A spectral komodo dragon (Lair:3)
  Grum (D:8)
  A chaos spawn (Abyss:2)
  A steam dragon (D:6)
  A death yak simulacrum (Lair:5)
  Menkaure (D:5)
  2 vampire mosquitoes (Swamp:4)
  A spectral cane toad (Lair:3)
  15 swamp worms
  2 acid dragons
  A warg (D:11)
  12 water moccasins
  18 orc warriors
  4 swamp drakes
  2 black bears (D:5)
  An ice beast (D:5)
  A spectral blink frog (Lair:3)
  A sky beast (D:8)
  3 swamp dragon zombies (Swamp:4)
  2 elephant skeletons (Lair:5)
  4 elephant zombies (Lair:5)
  14 centaurs
  18 wolves
  3 phantoms (Swamp:4)
  3 kobold brigands
  13 bullfrogs
  2 gnoll sergeants
  3 scorpions
  13 wights
  2 elephant simulacra (Lair:5)
  11 killer bees
  7 howler monkeys
  4 jellies
  5 hounds
  6 orc priests
  An iron imp (Abyss:2)
  13 orc wizards
  3 iguanas
  14 gnolls
  A swamp drake zombie (Swamp:4)
  6 adders
  3 river rats (Sewer)
  A shadow imp (D:6)
  3 white imps
  3 worms (D:2)
  4 dart slugs
  56 orcs
  8 ball pythons
  12 endoplasms
  A giant cockroach (D:3)
  7 hobgoblins
  11 jackals
  A quokka (D:3)
  3 bats
  A frilled lizard (D:1)
  8 goblins
  28 kobolds
  41 rats
733 creatures vanquished.

Vanquished Creatures (others)
  5 bloated husks (Swamp:4)
  3 humans (Swamp:3)
  A spectral cane toad (Lair:5)
  An orc priest (D:6)
  22 foxfires
  57 fungi
  77 plants
  2 starspawn tentacles (Abyss:2)
  17 withered plants (Lair:5)
185 creatures vanquished.

Grand Total: 918 creatures vanquished

Notes
Turn   | Place    | Note
-------+----------+-------------------------------------------
     0 | D:1      | Hubris850 the Minotaur Monk began the quest for the Orb.
     0 | D:1      | Reached XP level 1. HP: 19/19 MP: 0/0
   260 | D:1      | Reached XP level 2. HP: 26/27 MP: 1/1
   267 | D:1      | Reached skill level 1 in Armour
   653 | D:1      | Found a bloodstained altar of Trog.
   918 | D:2      | Reached XP level 3. HP: 25/33 MP: 2/2
   948 | D:2      | Found a faded altar of an unknown god.
   959 | D:2      | Prayed at the altar of an unknown god.
   959 | D:2      | Became a worshipper of Elyvilon the Healer
   959 | D:2      | Reached * piety under Elyvilon
   959 | D:2      | Reached ** piety under Elyvilon
  1087 | D:2      | Reached *** piety under Elyvilon
  1412 | D:3      | Reached XP level 4. HP: 26/40 MP: 3/3
  1415 | D:3      | Reached skill level 1 in Invocations
  1659 | D:3      | Found Tamutrua's Armour Shop.
  1665 | D:3      | Bought a +0 pair of boots for 49 gold pieces
  1694 | D:3      | Found a broken altar of Ashenzari.
  1965 | D:3      | Found a white marble altar of Elyvilon.
  1967 | D:3      | Found a glowing silver altar of Zin.
  2145 | D:4      | Reached **** piety under Elyvilon
  2159 | D:4      | Reached XP level 5. HP: 44/47 MP: 3/5
  2543 | D:4      | Reached skill level 5 in Unarmed Combat
  2681 | D:5      | Entered Level 5 of the Dungeon
  2753 | D:5      | Found a transporter.
  2768 | D:5      | Noticed an ice beast
  2774 | D:5      | Killed an ice beast
  2775 | D:5      | Reached skill level 5 in Fighting
  2775 | D:5      | Reached XP level 6. HP: 22/56 MP: 6/6
  2927 | D:5      | Found a one-way gate to the infinite horrors of the Abyss.
  2927 | D:5      | Noticed patfeehan111222's ghost (novice DsBe)
  3089 | D:5      | Reached XP level 7. HP: 48/61 MP: 6/8
  3138 | D:5      | Reached ***** piety under Elyvilon
  3138 | D:5      | Found a transporter.
  3168 | D:5      | Found a staircase to the Ecumenical Temple.
  3222 | D:5      | Noticed Menkaure
  3233 | D:5      | Killed Menkaure
  3578 | D:6      | Noticed a steam dragon
  3597 | D:6      | Killed a steam dragon
  3606 | D:6      | Reached XP level 8. HP: 41/70 MP: 5/9
  3695 | D:6      | Noticed Sigmund
  3703 | D:6      | Killed Sigmund
  3704 | D:6      | Reached skill level 5 in Armour
  3942 | D:6      | Found a glowing drain.
  3951 | Sewer    | Entered a sewer
  4172 | Sewer    | Identified the +4 chain mail of the Invisible Hand {*Slow
                  | rElec Str+4 Stlth+}
  4803 | D:6      | Identified the +0 mace "Pykycw" {pain, rElec}
  4837 | D:6      | Found a bloodstained altar of Trog.
  5331 | D:7      | Reached skill level 1 in Throwing
  5331 | D:7      | Reached skill level 5 in Invocations
  5587 | D:7      | Found a flagged portal.
  5600 | Bailey   | Entered a bailey
  5625 | Bailey   | Reached XP level 9. HP: 56/75 MP: 9/11
  6000 | Bailey   | Reached skill level 10 in Unarmed Combat
  6250 | Bailey   | Found the +12 glaive of Prune {freeze, Prune}
  7715 | D:7      | Found Izonwant's Book Emporium.
  8012 | D:7      | Reached XP level 10. HP: 57/81 MP: 14/14
  8161 | D:8      | Noticed Grum
  8167 | D:8      | Paralysed by a hornet for 3 turns
  8533 | D:8      | Reached skill level 5 in Throwing
  8585 | D:8      | Found a staircase to the Lair.
  8670 | D:8      | Noticed Joseph
  8863 | D:8      | Noticed Maggie
  9061 | D:8      | Killed Joseph
  9062 | D:8      | Reached skill level 1 in Polearms
  9220 | D:8      | Killed Grum
  9544 | D:8      | Killed Maggie
  9545 | D:8      | Reached skill level 5 in Polearms
  9995 | D:9      | Reached XP level 11. HP: 80/89 MP: 16/16
 10353 | D:9      | Noticed Erica
 10364 | D:9      | Killed Erica
 11043 | D:10     | Entered Level 10 of the Dungeon
 11882 | Lair:1   | Entered Level 1 of the Lair of Beasts
 11985 | Lair:1   | Reached skill level 5 in Shields
 12019 | Lair:1   | Reached skill level 10 in Polearms
 12359 | Lair:1   | Noticed a boulder beetle
 12382 | Lair:1   | Killed a boulder beetle
 12654 | Lair:1   | Reached XP level 12. HP: 71/96 MP: 17/17
 12658 | Lair:1   | Reached skill level 1 in Evocations
 13453 | Lair:2   | Noticed Amaemon
 13466 | Lair:1   | Killed Amaemon
 13861 | Lair:2   | Found a hole to the Spider Nest.
 14306 | Lair:2   | Found a runed translucent gate.
 14306 | Lair:2   | Found a runed translucent gate.
 14307 | Lair:2   | Found a runed translucent gate.
 14307 | Lair:2   | Noticed a 13-headed hydra
 14308 | Lair:2   | Noticed ziggurnaut's ghost (journeyman TeAE)
 14308 | Lair:2   | Noticed a 13-headed hydra
 14582 | Lair:2   | You fall into a shaft and drop 2 floors!
 14674 | Lair:4   | Reached ****** piety under Elyvilon
 15106 | Lair:3   | Found a staircase to the Swamp.
 15106 | Lair:3   | Noticed a ghost crab
 15106 | Lair:3   | Noticed a ghost crab
 15309 | Lair:3   | Reached XP level 13. HP: 77/84 MP: 18/18
 16090 | Lair:3   | Reached skill level 10 in Throwing
 16189 | Lair:3   | HP: 1/107 [cane toad (12)]
 16199 | Lair:3   | Elyvilon protects you from harm!
 17229 | Lair:4   | Reached skill level 5 in Dodging
 17766 | Lair:5   | Entered Level 5 of the Lair of Beasts
 18085 | Lair:4   | Reached skill level 10 in Fighting
 18085 | Lair:4   | Reached skill level 10 in Armour
 18092 | Lair:4   | Reached skill level 10 in Shields
 18185 | Lair:5   | Reached XP level 14. HP: 101/121 MP: 19/19
 18613 | Lair:5   | Found a staircase to the Slime Pits.
 18614 | Lair:5   | Found a viscous altar of Jiyva.
 19516 | Lair:5   | Identified the amulet "Buqedos" {Regen+ Int+3}
 19903 | Lair:5   | Identified the amulet of the Conjuring Genius {Reflect
                  | rElec rPois SH+5}
 20058 | Swamp:1  | Entered Level 1 of the Swamp
 21098 | Swamp:2  | Noticed a fenstrider witch
 21109 | Swamp:2  | Killed a fenstrider witch
 21110 | Swamp:2  | Reached skill level 5 in Evocations
 21444 | Swamp:2  | Reached XP level 15. HP: 117/134 MP: 20/20
 21583 | Swamp:2  | Found a hazy altar of Hepliaklqana.
 21738 | Swamp:3  | Noticed Kirke
 21871 | Swamp:3  | Killed Kirke
 21922 | Swamp:3  | Noticed Louise
 21998 | Swamp:3  | Killed Louise
 22734 | Swamp:4  | Entered Level 4 of the Swamp
 22756 | Swamp:3  | HP: 2/134 [bunyip (17)]
 23622 | Swamp:4  | Noticed a bone dragon
 23658 | Swamp:4  | Killed a bone dragon
 23891 | Swamp:4  | Got a decaying rune of Zot
 24801 | D:11     | Found a staircase to the Orcish Mines.
 25217 | D:11     | Found a basalt altar of Yredelemnul.
 25253 | D:11     | Identified the +3 glaive of Hacking and Slashing {venom,
                  | Drain *Slow +Blink Int+7}
 25727 | D:12     | Noticed Gastronok
 25740 | D:12     | Killed Gastronok
 25822 | D:12     | Reached XP level 16. HP: 112/147 MP: 22/22
 27076 | D:13     | Noticed Sonja
 27087 | Abyss:2  | Found a corrupted altar of Lugonu.
 27087 | Abyss:2  | Cast into level 2 of the Abyss (Sonja)
 27107 | Abyss:2  | Noticed a tentacled starspawn
 27108 | Abyss:2  | Found a corrupted altar of Lugonu.
 27118 | Abyss:2  | Killed a tentacled starspawn
 27126 | Abyss:2  | Noticed an Executioner
 27139 | Abyss:2  | HP: 5/147 [raiju (5)]
 27139 | Abyss:2  | Elyvilon protects you from harm!
 27148 | Abyss:2  | HP: 2/147 [Executioner (19)]
 27148 | Abyss:2  | Mangled by an Executioner

Illustrated notes

Levels and vault maps discovered:
D:1:      dpeg_arrival_lava_altar, layout_basic
D:2:      layout_basic, shapermc_ecumenical_altar_pompeii
D:3:      layout_basic, chequers_temple_overflow_statue_of_worship,
          cheibrodos_ashenzari_chains, serial_shops, shop, minmay_rat_hole
D:4:      layout_cave_pools
D:5:      layout_basic, minmay_temple_entry_enclosed_plants,
          gammafunk_ghost_abyssal_escape, uniq_menkaure
D:6:      layout_loops_cross, mainiacjoe_overflow_alcove_4,
          portal_sewer_entry_d, uniq_sigmund
D:7:      layout_cave_pools, enter_bailey_5, serial_shops,
          nicolae_shop_pleasant_corner_grove
D:8:      layout_gridville, due_lair_maze_entry_diamond, grunt_ministairs_15,
          uniq_joseph, uniq_grum, uniq_maggie
D:9:      layout_irregular_city, uniq_erica
D:10:     minmay_recursive_quarters, layout_long_grid
D:11:     layout_small_grid, david_orc_3, nicolae_nh_vlads_tower
D:12:     layout_stronghold, chequers_serial_rivers_large_b, uniq_gastronok
D:13:     layout_gridville, uniq_sonja
Lair:1:   layout_regular_city, beast_lair_carwin_10
Lair:2:   layout_long_grid, hellmonk_spider_entry_not_the_bees,
          gammafunk_ghost_hydra_chop, beast_lair_carwin_6, uniq_amaemon
Lair:3:   layout_regular_city, nicolae_swamp_entry_spooky, nzn_random_ring
Lair:4:   layout_regular_city, st_stairs_8
Lair:5:   due_jungle_book, layout_small_grid, nicolae_slime_entry_slimehenge,
          infiniplex_staircase_pool_2
Swamp:1:  layout_basic_swamp, evilmike_swamp_ruin_house_2
Swamp:2:  layout_basic_swamp, basic_altar, hangedman_swamp_diagram, swamp_pool5,
          infiniplex_staircase_pool
Swamp:3:  layout_basic_swamp, evilmike_swamp_ruin_house_3,
          nicolae_swamp_some_circles, uniq_louise, uniq_kirke
Swamp:4:  swamp_pestilence, layout_basic_swamp
Abyss:2:  base: Spider:4, evilmike_abyss_exit_14

Skill      XL: |  1  2  3  4  5  6  7  8  9 10 11 12 13 14 15 |
---------------+----------------------------------------------+-----
Armour         | 1 2 3 4 6 8 10 12 14 | 14.7
Fighting       | 4 5 6 8 10 12 14 | 14.7
Unarmed Combat | 4 5 6 7 9 11 12 | 12.0
Invocations    | 1 2 3 5 6 8 9 |  9.7
Throwing       | 1 4 6 8 10 11 | 11.3
Polearms       | 6 12 | 12.0
Shields        | 6 8 10 12 | 12.5
Evocations     | 4 5 6 |  6.0
Dodging        | 6 |  6.4

Action                     |  1- 3 |  4- 6 |  7- 9 | 10-12 | 13-15 | 16-18 || total
---------------------------+-------+-------+-------+-------+-------+-------++-------
  Melee: Unarmed           |    16 |       |    66 |   143 |     5 |       ||   230
         Headbutt          |     7 |    18 |    77 |   183 |   483 |    43 ||   811
         Whip              |    38 |    93 |   210 |       |       |       ||   341
         Glaive            |       |       |    18 |     9 |       |       ||    27
         Lance             |       |       |       |   718 |  1925 |   164 ||  2807
         Punch             |       |       |       |    17 |       |       ||    17
         Hand axe          |       |       |       |       |     9 |       ||     9
  Throw: Dart              |       |     1 |     1 |    19 |       |     4 ||    25
         Boomerang         |       |       |    53 |     2 |    35 |       ||    90
         Javelin           |       |       |       |     4 |     6 |       ||    10
 Invoke: Heal Other        |       |     1 |       |       |     1 |       ||     2
         Heal Self         |       |       |    10 |     4 |    12 |     2 ||    28
         Divine Vigour     |       |       |       |       |     1 |       ||     1
  Evoke: Wand              |       |       |     1 |       |     7 |       ||     8
         Condenser vane    |       |       |       |     1 |       |       ||     1
    Use: Potion            |       |       |     5 |     4 |     9 |     1 ||    19
         Scroll            |       |       |       |    21 |     8 |     1 ||    30
 Armour: Ring mail         |     4 |       |       |       |       |       ||     4
         Scale mail        |    15 |    72 |   257 |   286 |    12 |       ||   642
         Skin              |       |       |     4 |       |       |       ||     4
         Plate armour      |       |       |       |       |   440 |       ||   440
         Swamp dragon scal |       |       |       |       |    37 |       ||    37
         Chain mail        |       |       |       |       |   280 |    73 ||   353
  Dodge: Dodged            |    24 |    79 |   320 |   342 |   407 |    38 ||  1210
  Block: Buckler           |       |       |       |   133 |     9 |       ||   142
         Kite shield       |       |       |       |       |   641 |    51 ||   692

Table legend: (Time is in decaauts)
 A = Elapsed time spent in this place.
 B = Non-inter-level travel time spent in this place.
 C = Inter-level travel time spent in this place.
 D = Time resting spent in this place.
 E = Time spent auto-exploring this place.
 F = Levels seen in this place.
 G = Mean time per level.
                   A        B        C        D        E       F      G
               +--------+--------+--------+--------+--------+-----+--------+
         Total |  26422 |  25345 |   1077 |   5219 |  13011 |  25 | 1056.9 |
       Dungeon |  11926 |  11519 |    407 |   1521 |   7718 |  13 |  917.4 |
          Lair |   7556 |   7161 |    395 |   1866 |   2980 |   5 | 1511.2 |
         Swamp |   4203 |   3929 |    274 |    786 |   1689 |   4 | 1050.8 |
         Abyss |     46 |     46 |      0 |      0 |      0 |   1 |   46.0 |
         Sewer |    652 |    652 |      0 |      0 |    303 |   1 |  652.0 |
        Bailey |   2037 |   2037 |      0 |   1046 |    320 |   1 | 2037.0 |
               +--------+--------+--------+--------+--------+-----+--------+

Top non-repeatable levels by time:
  Bailey: 2037 daAuts
     D:8: 1887 daAuts
  Lair:5: 1843 daAuts
  Lair:1: 1673 daAuts
  Lair:4: 1360 daAuts
  Lair:3: 1347 daAuts
  Lair:2: 1332 daAuts
     D:9: 1221 daAuts
 Swamp:4: 1219 daAuts
 Swamp:3: 1211 daAuts
    D:12: 1084 daAuts
 Swamp:2: 1053 daAuts
     D:6: 1017 daAuts
     D:7: 957 daAuts
    D:11: 863 daAuts
